AoeStats
← Rragnar716

Highland

505164135Analyzed
2v2 RM · 24d ago on Sep 8, 2026· 78m 9s· 4 players
Game mode
Random Map
Map size
Medium (4 player)
Population
200
Speed
Normal
Resources
Standard
Victory
Conquest
Starting age
Dark Age
Ending age
Imperial Age
RankedLock teamsTeams togetherTeam positionsShared explorationLock speedFull tech treeHidden civsTurbo modeCheats
Victory
Defeat
🇵🇪 Spanish · Peru
983
+13
🇳🇱 Mongols · Netherlands
821
+19
🇲🇽 Persians · Mexico
906
-45
🇲🇽 Franks · Mexico
906
-45
Rragnar716
10:30 Feudal Age
10:59 Double-Bit Axe
12:31 Wheelbarrow
17:52 Fletching
19:52 Man-at-Arms
24:45 Scale Barding Armor
28:13 Castle Age
26:54 Forging
27:47 Padded Archer Armor
28:56 Husbandry
29:20 Chain Barding Armor
28:26 Elite Skirmisher
29:46 Gold Mining
29:46 Stone Mining
30:34 Bow Saw
31:46 Ballistics
32:57 Gold Shaft Mining
34:11 Iron Casting
36:40 Hand Cart
36:38 Scale Mail Armor
39:29 Caravan
39:09 Crossbowman
43:02 Imperial Age
41:48 #83
42:04 Town Watch
42:09 Loom
44:27 Plate Barding Armor
44:55 Blast Furnace
44:14 Cavalier
47:21 Chemistry
48:09 Bodkin Arrow
50:19 Paladin
Sara
11:59 Feudal Age
17:40 Castle Age
16:25 Double-Bit Axe
16:23 Horse Collar
16:54 Double-Bit Axe
25:26 Bow Saw
28:17 Heavy Plow
30:15 Crossbowman
30:18 Elite Skirmisher
32:12 Wheelbarrow
32:44 Stone Mining
32:46 Gold Mining
33:10 Husbandry
33:24 Bloodlines
36:50 Imperial Age
35:19 Hand Cart
36:01 Forging
35:57 Scale Barding Armor
35:53 Scale Mail Armor
37:47 Iron Casting
38:11 Crop Rotation
38:02 Caravan
39:46 Chain Barding Armor
40:26 Blast Furnace
40:35 Two-Man Saw
39:49 Cavalier
41:30 Conscription
46:24 Guilds
46:45 Coinage
48:35 Gold Shaft Mining
48:37 Stone Shaft Mining
49:03 Loom
52:30 Savar
54:11 Banking
56:10 Plate Barding Armor
55:50 Chain Mail Armor
61:42 Elite War Elephant
stephenskocpol
3:21 Loom
12:48 Feudal Age
13:14 Double-Bit Axe
13:10 Horse Collar
13:32 Gold Mining
13:39 Stone Mining
24:29 Castle Age
22:53 Fletching
23:04 Padded Archer Armor
23:09 Scale Mail Armor
24:46 Bloodlines
25:23 Bow Saw
25:33 Heavy Plow
30:33 Imperial Age
28:36 Bodkin Arrow
29:09 Thumb Ring
30:04 Gold Shaft Mining
29:48 Husbandry
32:50 Leather Archer Armor
32:11 Capped Ram
33:11 Pikeman
33:52 Squires
34:11 Chain Mail Armor
34:04 Bracer
36:34 Drill
36:37 Elite Mangudai
37:39 Arson
37:17 Man-at-Arms
38:25 Leather Archer Armor
39:18 Stone Shaft Mining
39:27 Drill
41:48 Conscription
42:22 Wheelbarrow
41:32 Town Watch
42:03 Forging
42:11 Chain Mail Armor
41:24 Man-at-Arms
42:41 Long Swordsman
43:42 Forging
43:25 Two-Handed Swordsman
46:46 Parthian Tactics
46:49 Champion
49:05 Plate Mail Armor
49:22 Iron Casting
48:52 Fishing Lines
49:59 Hand Cart
49:44 Town Patrol
50:54 Siege Ram
57:07 Ballistics
57:47 Chemistry
57:53 Blast Furnace
59:53 Siege Engineers
60:45 Hoardings
61:21 Caravan
64:42 Scale Barding Armor
67:06 Herbal Medicine
68:58 Masonry
69:00 Fortified Wall
68:46 Murder Holes
71:22 Chain Barding Armor
77:53 Spies/Treason
sheikzn7
8:39 Loom
11:13 Feudal Age
14:48 Double-Bit Axe
15:58 Forging
16:38 Bloodlines
20:30 Castle Age
19:25 Gold Mining
20:05 Stone Mining
25:59 Wheelbarrow
25:53 Ballistics
26:35 Fishing Lines
27:47 Gillnets
28:41 Bow Saw
28:18 Horse Collar
29:59 Inquisition
31:18 Hand Cart
34:32 Imperial Age
32:15 Fletching
33:39 Stone Shaft Mining
34:42 Heavy Plow
35:54 Elite Conquistador
37:39 Chemistry
36:07 Pikeman
37:01 Scale Mail Armor
37:36 Iron Casting
37:19 Halberdier
38:03 Squires
39:45 Chain Mail Armor
39:44 Redemption
44:35 Onager
47:38 Plate Mail Armor
56:29 Blast Furnace
65:19 Padded Archer Armor
Connection lost

Rejoining the realm…

Still unreachable

The connection could not be restored.

Session expired

The server has moved on; the page needs a fresh start.